 Dungeon Crawl Stone Soup version 0.32-a0-872-g59262bdc9b (webtiles) character file.

Game seed: 1895011469694382186

471517 jasper the Conqueror (level 23, -4/240 HPs)
             Began as a Mountain Dwarf Berserker on Mar 30, 2024.
             Was the Champion of Trog.
             Slain by a reaper
             ... wielding a +1 scythe of protection
              (15 damage)
             ... in the Vestibule of Hell.
             The game lasted 01:33:51 (48934 turns).

jasper the Conqueror (Mountain Dwarf Berserker)    Turns: 48934, Time: 01:33:52

Health: -4/240     AC: 29    Str: 33    XL:     23   Next: 54%
Magic:  0/23       EV: 18    Int:  9    God:    Trog [******]
Gold:   1116       SH:  0    Dex: 13    Spells: 22/22 levels left

rFire   + . .        K - +9 executioner's axe (freeze)
rCold   + + +        (shield currently unavailable)
rNeg    + . .        l - +4 chain mail
rPois   +            Z - +2 hood of the Assassin {Detect Stab+ Stlth++}
rElec   +            d - +1 cloak
rCorr   +            m - +2 pair of gloves "Zuarr" {+Inv rElec}
SInv    .            E - +2 pair of boots of Refuge {rPois Regen+ Str+2}
Will    +++++        C - amulet "Raikiw" {Spirit rC+ rN+ Regen+ Dex+4}
Stlth   +            i - ring "Jukketua" {rPois rF+ rC++ EV+5 Str-3}
HPRegen 3.20/turn    X - ring of Liberalism {Will+ rCorr Str+4}
MPRegen 0.18/turn

%: guardian spirit
@: strong-willed, regenerating
A: runic magic, artefact enchanting
}: 2/15 runes: decaying, serpentine
a: Renounce Religion, Evoke Invisibility, Berserk, Trog's Hand, Brothers in Arms


You were in the Vestibule of Hell.
You worshipped Trog.
Trog was exalted by your worship.
You visited 10 branches of the dungeon, and saw 43 of its levels.
You also visited: Trove, Ossuary, Bailey and Gauntlet.

You collected 7620 gold pieces.
You spent 6504 gold pieces at shops.

Inventory:

Hand Weapons
 n - a +9 antimagic executioner's axe
 K - a +9 executioner's axe of freezing (weapon)
Missiles
 e - 2 throwing nets (quivered)
 I - 4 curare-tipped darts
 V - 13 javelins
Armour
 d - a +1 cloak (worn)
 l - a +4 chain mail (worn)
 m - the +2 pair of gloves "Zuarr" (worn) {+Inv rElec}
   (You found it on level 11 of the Dungeon)

   rElec:     It insulates you from electricity.
   +Inv:      It lets you turn invisible.
 y - a scarf of repulsion
 E - the +2 pair of boots of Refuge (worn) {rPois Regen+ Str+2}
   (You found it on level 4 of the Depths)

   Str+2:     It affects your strength (+2).
   rPois:     It protects you from poison.
   Regen+:    It increases your rate of health regeneration.
 Z - the +2 hood of the Assassin (worn) {Detect Stab+ Stlth++}
   (You found it in a Gauntlet)

   Detect:    It allows the wearer to sense nearby creatures.
   Stab+:     It allows the wearer to make particularly effective stabbing
   attacks against helpless or unaware enemies with any weapon.
   Stlth++:   It makes you much more stealthy.
Jewellery
 i - the ring "Jukketua" (left hand) {rPois rF+ rC++ EV+5 Str-3}
   (You found it on level 3 of the Dungeon)

   [ring of evasion]

   EV+5:      It affects your evasion (+5).
   Str-3:     It affects your strength (-3).
   rF+:       It protects you from fire.
   rC++:      It greatly protects you from cold.
   rPois:     It protects you from poison.
 w - the ring of the Tortoise {AC+8}
   (You found it on level 5 of the Lair of Beasts)

   [ring of protection]

   AC+8:      It affects your AC (+8).
 C - the amulet "Raikiw" (around neck) {Spirit rC+ rN+ Regen+ Dex+4}
   (You found it in a treasure trove)

   [amulet of guardian spirit]

   Spirit:    It causes incoming damage to be divided between your reserves of
   health and magic.
   Dex+4:     It affects your dexterity (+4).
   rC+:       It protects you from cold.
   rN+:       It protects you from negative energy.
   Regen+:    It increases your rate of health regeneration.
 J - the amulet of the Morning {+Inv Regen+ SInv}
   (You found it in a treasure trove)

   [amulet of regeneration]

   SInv:      It lets you see invisible.
   +Inv:      It lets you turn invisible.
   Regen+:    It increases your rate of health regeneration.
 L - the ring of Wachora {Fly rN+ AC+4 Int+4}
   (You found it in a treasure trove)

   [ring of protection]

   AC+4:      It affects your AC (+4).
   Int+4:     It affects your intelligence (+4).
   rN+:       It protects you from negative energy.
   Fly:       It grants you flight.
 O - the ring of Surprise {+Blink rPois Will++ Str-2 Slay+4}
   (You found it on level 4 of the Lair of Beasts)

   [ring of slaying]

   Str-2:     It affects your strength (-2).
   Slay+4:    It affects your accuracy & damage with ranged weapons and melee
   (+4).
   rPois:     It protects you from poison.
   Will++:    It greatly increases your willpower.
   +Blink:    It lets you blink.
 X - the ring of Liberalism (right hand) {Will+ rCorr Str+4}
   (You found it in a treasure trove)

   [ring of resist corrosion]

   Str+4:     It affects your strength (+4).
   Will+:     It increases your willpower.
   rCorr:     It protects you from acid and corrosion.
Talismans
 f - a granite talisman
Wands
 a - a wand of roots (24)
 k - a wand of light (8)
 M - a wand of digging (32)
 Q - a wand of polymorph (9)
Scrolls
 j - a scroll of silence
 o - 6 scrolls of blinking
 q - 7 scrolls of fog
 z - 11 scrolls of teleportation
 A - 3 scrolls of fear
 D - 5 scrolls of immolation
 N - 4 scrolls of revelation
 R - 10 scrolls of identify
 S - 6 scrolls of enchant armour
 T - 3 scrolls of noise
 W - 2 scrolls of butterflies
 Y - 6 scrolls of vulnerability
Potions
 c - 7 potions of ambrosia
 g - 7 potions of enlightenment
 h - 23 potions of curing
 p - 7 potions of mutation
 r - 7 potions of resistance
 u - 10 potions of might
 v - 9 potions of lignification
 x - 5 potions of cancellation
 B - 9 potions of haste
 F - 8 potions of attraction
 H - 5 potions of heal wounds
 P - 5 potions of invisibility
Miscellaneous
 b - a Gell's gravitambourine (inert)
 s - a tin of tremorstones (inert)
 t - a sack of spiders
 G - a lightning rod (4/4)
 U - a phantom mirror


   Skills:
 O Level 27 Fighting
 - Level 25.0 Axes
 - Level 15.0 Armour
 - Level 10.0 Dodging
 - Level 15.0 Evocations
 + Level 15.0 Shapeshifting


You had 22 spell levels left.
You didn't know any spells.
Your spell library contained the following spells:

 Spells                   Type           Power      Damage    Failure   Level
 Inner Flame              Hex/Fire       0%         N/A       83%         3
 Passwall                 Erth           0%         N/A       83%         3
 Tukima's Dance           Hex            0%         N/A       83%         3
 Volatile Blastmotes      Fire/Tloc      0%         2d10      83%         3
 Animate Armour           Summ/Erth      0%         N/A       99%         4
 Passage of Golubria      Tloc           0%         N/A       99%         4
 Vhi's Electric Charge    Tloc/Air       0%         N/A       99%         4
 Yara's Violent Unravell  Hex/Alch       0%         3d3       100%        5
 Bombard                  Conj/Erth      0%         9d1       100%        6
 Lehudib's Crystal Spear  Conj/Erth      0%         10d2      100%        8
 Shatter                  Erth           0%         3d5*      100%        9


Dungeon Overview and Level Annotations

Branches:
Dungeon (15/15)            Temple (1/1) D:6            Lair (5/5) D:8
  Swamp (4/4) Lair:3        Snake (4/4) Lair:3        Slime (0/5) Lair:4
    Orc (2/2) D:9             Elf (3/3) Orc:2        Vaults (4/5) D:14
  Crypt (0/3) Vaults:2     Depths (4/4) D:15           Hell (1/1)
    Zot (0/5) Depths:4    Ossuary (visited)          Bailey (visited)
Gauntlet (visited)
    Dis: Hell:1         Geh: Hell:1         Coc: Hell:1         Tar: Hell:1

Altars:
Ashenzari
Cheibriados
Dithmenos
Elyvilon
Fedhas
Gozag
Hepliaklqana
Kikubaaqudgha
Makhleb
Nemelex Xobeh
Okawaru
Qazlal
Ru
Sif Muna
Trog
Uskayaw
Vehumet
Wu Jian
Xom
Yredelemnul
Zin
The Shining One

Shops:
D:1 [   D:2 (   D:11 !   Orc:2 [*:(   Elf:2 *   Snake:3 *=*!   Snake:4 !*?[
Vaults:1 !   Vaults:4 [

Portals:
Hell: Lair:5 Depths:1 Depths:2 Depths:3 Depths:4
Abyss: Depths:1 Depths:3
Pandemonium: Depths:2
Ziggurat: Depths:3

Annotations:
D:8 4 transporters
D:10 4 transporters
Lair:5 exclusion: door
Swamp:1 2 transporters
Swamp:2 2 transporters, RoseCult's ghost, journeyman MiGl
Vaults:2 1 runed translucent door, Joextigh's ghost, veteran KoHu
Hell Geryon


Innate Abilities, Weirdness & Mutations

Your spellcasting is much less encumbered by armour.
You can use scrolls of enchantment on lesser artefacts.


Message History

The hell beast tramples you but does no damage.
The hell beast bites you but does no damage.
The hell beast tramples you but does no damage.
The shadow dragon zombie completely misses you.
The shadow dragon zombie barely misses you. x2
The reaper completely misses you.
The war gargoyle launches metal splinters at you.
The spray of metal splinters hits you.
* * * LOW HITPOINT WARNING * * *
The storm dragon zombie bites you.
* * * LOW HITPOINT WARNING * * *
The storm dragon zombie claws you but does no damage.
The storm dragon zombie misses you.
You take 10 damage, and have 6/240 hp.
You feel much better.
The hell beast bites you but does no damage.
The hell beast tramples you but does no damage.
The hell beast bites you.
* * * LOW HITPOINT WARNING * * *
The hell beast closely misses you. The war gargoyle completely misses you.
The hell beast barely misses you. The hell beast closely misses you.
The reaper hits you from afar with a +1 scythe of protection!!
* * * LOW HITPOINT WARNING * * *
Geryon winds a great silver horn.
The storm dragon zombie barely misses you.
The storm dragon zombie claws you but does no damage.
The storm dragon zombie closely misses you.
The hell beast barely misses you. x2
You regained 7 hp, and now have 13/240 hp.
You feel much better.
The war gargoyle hits you but does no damage.
The hell beast bites you!
* * * LOW HITPOINT WARNING * * *
The hell beast tramples you but does no damage.
The hell beast closely misses you. The hell beast tramples you!
* * * LOW HITPOINT WARNING * * *
You hold your ground!
The hell beast misses you.
The hell beast tramples you but does no damage.
The reaper hits you from afar with a +1 scythe of protection!
You die...

. ................
.. #...#..........
...#...#.. .......
#......4#,.......
##....&..##......≈
..∩.≈≈)2∩.).....≈≈
....≈≈≈≈.22##.....
...≈≈≈≈≈≈Z22......
..≈≈≈≈≈≈≈9@2..~..≈
..≈≈≈≈≈≈≈Z.)......
....≈≈≈≈2..##...~≈
..∩..≈..∩... ...≈≈
##.......##.. ...≈
#.......# ... ...
.#...#. ... .
#...#. ...


You could see Geryon, 6 hell beasts, a reaper, a war gargoyle, a rust devil, a
shadow dragon zombie and a storm dragon zombie.

Vanquished Creatures
  Mara (Swamp:3)
  Boris (Vaults:1)
  Saint Roka (Elf:3)
  Vashnia (Snake:2)
  A hellephant (Depths:3)
  A walking crystal tome (Depths:3)
  4 tentacled monstrosities
  Rupert (Snake:1)
  Mlioglotl (Snake:2)
  8 liches
  A walking earthen tome (Depths:3)
  Asterion (Snake:4)
  2 sphinxes
  2 deep elf master archers (Elf:3)
  A titan (Depths:3)
  2 deep elf blademasters (Elf:3)
  4 shadow dragons
  2 thorn hunters (Swamp:2)
  A tengu reaver (Depths:3)
  Aizul (Snake:3)
  Roxanne (Elf:3)
  The ghost of Vegox the Wallflower, an adept MiHs of Uskayaw (Depths:4)
  5 fire giants
  A draconian monk (Depths:4)
  6 fenstrider witches
  7 nagarajas
  2 deep elf sorcerers (Elf:3)
  3 deep elf elementalists (Elf:3)
  An iron dragon (Depths:4)
  4 vault wardens
  A curse skull (Depths:4)
  3 orc warlords
  4 reapers
  2 frost giants
  A draconian scorcher (Depths:4)
  17 very ugly things
  4 formless jellyfish
  12 ironbound preservers
  7 ironbound thunderhulks
  8 stone giants
  2 eleionomae
  A green draconian (Depths:4)
  7 deep elf annihilators (Elf:3)
  4 deep elf demonologists (Elf:3)
  A vampire knight (Depths:2)
  8 deep elf death magi (Elf:3)
  6 bunyips
  A lorocyproca (Hell)
  A black draconian (Depths:4)
  A yellow draconian (Depths:4)
  2 white draconians (Depths:4)
  9 spark wasps
  14 dire elephants
  A red draconian (Depths:4)
  An iron golem (Depths:4)
  6 blizzard demons
  Snorg (D:13)
  A shambling mangrove (Swamp:4)
  12 ettins
  3 green deaths
  9 yaktaur captains
  3 jiangshi (Depths:2)
  4 deep elf high priests
  A crystal guardian (Vaults:3)
  4 fire dragons
  A ghost crab (Swamp:1)
  A salamander tyrant (Snake:4)
  3 great orbs of eyes
  8 hydras
  7 rakshasas
  9 ice dragons
  3 vault guards
  The ghost of olddryhag the Carver, a journeyman DsWn of Uskayaw (Orc:2)
  7 spriggan air magi
  A peacekeeper (Vaults:3)
  10 ironbound frosthearts
  2 caustic shrike simulacra
  5 ogre magi
  11 alligators
  28 centaur warriors
  11 anacondas
  6 boulder beetles
  5 two-headed ogres
  6 death yaks (Gauntlet)
  6 deep troll shamans
  36 dancing weapons
  A spriggan berserker (Depths:4)
  A spriggan skeleton (Depths:3)
  8 tengu warriors
  9 deep troll earth magi
  6 hell hogs (Depths:3)
  11 shock serpents
  A vampire mage (Depths:2)
  10 naga sharpshooters
  13 naga warriors
  A storm dragon zombie (Hell)
  3 hell knights
  2 soul eaters (Swamp:4)
  4 occultists
  20 deep elf knights
  3 skysharks
  3 sun demons
  3 skeletal warriors (D:14)
  A fire crab (shapeshifter) (Elf:3)
  A spark wasp zombie (Hell)
  10 iron trolls
  3 salamander mystics
  A sixfirhy (Lair:5)
  6 sea snakes (Snake:4)
  6 goliath frogs
  7 spriggan druids
  2 large abominations (Gauntlet)
  46 deep trolls
  3 glowing orange brains
  2 arcanists
  2 flayed ghosts (Depths:3)
  15 ironbound convokers
  2 swamp dragons
  3 tengu zombies
  6 naga ritualists
  6 mana vipers
  A steelbarb worm (shapeshifter) (D:12)
  2 bog bodies (Swamp:4)
  An orange crystal statue (Elf:3)
  4 phantasmal warriors
  9 deep elf archers
  6 thermic dynamos
  5 harpies
  A wolf spider zombie (D:14)
  5 lindwurms
  7 necromancers
  An iron dragon zombie (Depths:3)
  42 deep elf pyromancers
  A faun (shapeshifter) (Vaults:1)
  6 orc knights
  29 deep elf zephyrmancers
  An obsidian bat (Orc:2)
  4 will-o-the-wisps
  13 salamanders
  7 manticores
  Maurice (D:8)
  A frost giant zombie (Hell)
  3 orc sorcerers (Swamp:4)
  A tengu skeleton (Vaults:4)
  37 ugly things
  A kobold blastminer (Orc:2)
  13 cyclopes
  A meliai (shapeshifter) (Elf:1)
  4 guardian serpents (Snake:4)
  3 centaur zombies (D:14)
  3 meliai (D:15)
  25 black mambas
  13 vault sentinels
  A stone giant skeleton (Vaults:3)
  5 elephants
  2 rust devils (Hell)
  2 smoke demons (Swamp:4)
  24 naga magi
  3 gargoyles
  2 torpor snails
  A storm dragon simulacrum (Depths:4)
  7 orange demons (Swamp:4)
  10 cane toads
  An unseen horror (D:11)
  19 yaktaurs
  4 rime drakes
  A hellion (Hell)
  2 freezing wraiths
  An efreet (D:11)
  15 komodo dragons
  5 ice devils
  6 tengu conjurers
  Psyche (D:10)
  5 kobold demonologists
  7 trolls
  7 polar bears
  3 tengu simulacra
  9 hornets
  2 hellwings (Swamp:4)
  A bloated husk (Swamp:1)
  2 human zombies (Vaults:4)
  A shadow dragon simulacrum (Depths:3)
  A hydra skeleton (Hell)
  2 ettin zombies
  An iron dragon simulacrum (Depths:4)
  7 blink frogs
  11 tyrant leeches
  8 dream sheep
  A raiju (Gauntlet)
  Sigmund (D:2)
  3 meliai zombies (D:14)
  3 small abominations (Gauntlet)
  3 vampires (D:14)
  20 slime creatures
  9 spriggans
  50 yaks
  2 water elementals (D:15)
  An air elemental (Elf:2)
  4 wyverns
  5 shadows
  5 wraiths
  6 fire elementals
  2 spriggans (shapeshifter)
  2 wargs (Orc:2)
  2 humans (shapeshifter) (D:13)
  9 vampire mosquitoes
  4 basilisks
  4 steam dragons
  A yaktaur simulacrum (Vaults:4)
  11 swamp worms
  2 chaos spawn (Swamp:4)
  53 nagas
  A swamp worm (shapeshifter) (Vaults:1)
  5 acid dragons
  13 water moccasins
  A sky beast (D:7)
  A swamp drake (shapeshifter) (D:12)
  2 hell hounds (Lair:5)
  32 orc warriors
  2 black bears
  A swamp drake (Swamp:4)
  2 laughing skulls (D:13)
  2 ice beasts
  8 wolves
  6 ogres
  21 centaurs
  2 phantoms
  An elf zombie (Ossuary)
  7 kobold brigands
  2 earth elementals (Elf:1)
  5 scorpions
  11 bullfrogs
  3 gnoll sergeants
  2 glowing shapeshifter simulacra
  10 wights
  2 troll zombies (D:9)
  17 killer bees
  4 howler monkeys
  2 electric eels
  18 orc priests
  2 gnoll boudas
  5 hounds
  13 jellies
  2 sleepcaps
  2 boggart zombies (D:14)
  An iguana (D:5)
  24 orc wizards
  2 polar bear simulacra (Lair:3)
  A yak simulacrum (Lair:3)
  6 wolf simulacra (Lair:3)
  4 ogre zombies (D:9)
  3 hound zombies (Ossuary)
  4 mummies (Ossuary)
  Robin (D:2)
  8 adders
  37 gnolls
  A river rat (Lair:3)
  3 white imps
  A ribbon worm (D:2)
  2 dart slugs
  75 orcs
  5 ball pythons
  12 endoplasms
  A giant cockroach (D:1)
  8 gnoll zombies
  16 hobgoblins
  3 jackals (D:4)
  3 quokkas
  6 bats
  4 frilled lizards
  A gnoll skeleton (D:9)
  27 goblins
  A goblin zombie (Ossuary)
  2 jackal zombies (Ossuary)
  19 kobolds
  2 orc skeletons (D:9)
  12 orc zombies
  3 rats
  A rat zombie (Ossuary)
  2 river rat simulacra (Lair:3)
  2 spectral weapons (Snake:4)
1761 creatures vanquished.

Vanquished Creatures (collateral kills)
  Donald (Swamp:2)
  A vault warden (Vaults:4)
  A minotaur (Gauntlet)
  An ironbound frostheart (Vaults:4)
  A naga sharpshooter (Snake:3)
  A deep troll (Vaults:4)
  A black mamba (Snake:1)
  An orange demon (Lair:5)
  2 yaktaurs (Vaults:4)
  2 red devils (Lair:5)
  A hellwing (Lair:5)
  A fire elemental (Elf:3)
  A swamp worm (Swamp:2)
  2 hell hounds (Lair:5)
  An orc (Bailey)
  A hobgoblin (Bailey)
19 creatures vanquished.

Vanquished Creatures (others)
  A fire giant (D:11)
  A deep elf elementalist (Elf:3)
  An alligator (Swamp:3)
  A dancing weapon (Elf:2)
  2 occultists
  2 deep elf knights (Elf:3)
  A naga ritualist (Snake:3)
  A manticore (D:11)
  3 unseen horrors
  2 bloated husks
  A spriggan (Swamp:1)
  2 vampire mosquitoes
  An acid dragon (D:11)
  An orc wizard (D:11)
  14 foxfires
34 creatures vanquished.

Grand Total: 1814 creatures vanquished

Notes
Turn   | Place    | Note
-------+----------+-------------------------------------------
     0 | D:1      | jasper the Mountain Dwarf Berserker began the quest for the
                  | Orb.
     0 | D:1      | Reached XP level 1. HP: 19/19 MP: 1/1
   232 | D:1      | Reached XP level 2. HP: 25/26 MP: 2/2
   289 | D:1      | Found Ryri Cue's Antique Armour Shoppe.
   892 | D:2      | Reached skill level 5 in Axes
   892 | D:2      | Reached XP level 3. HP: 31/31 MP: 3/3
   993 | D:2      | Found Ifyudelem's Weapon Boutique.
  1182 | D:3      | Identified the ring "Jukketua" {rPois rF+ rC++ EV+5 Str-3}
  1214 | D:3      | Reached XP level 4. HP: 38/38 MP: 4/4
  1666 | D:2      | Noticed Robin
  1794 | D:2      | Noticed Sigmund
  1801 | D:3      | Reached ** piety under Trog
  2014 | D:4      | Reached XP level 5. HP: 45/45 MP: 5/5
  2061 | D:4      | Found a sand-covered staircase.
  2075 | Ossuary  | Entered an ossuary
  2112 | Ossuary  | Reached XP level 6. HP: 41/51 MP: 6/6
  2467 | D:4      | Found a blossoming altar of Fedhas.
  3058 | D:2      | Killed Sigmund
  3065 | D:2      | Killed Robin
  3087 | D:2      | Bought a +0 war axe for 35 gold pieces
  3138 | D:2      | Reached XP level 7. HP: 57/57 MP: 7/7
  3263 | D:2      | You fall into a shaft and drop 2 floors!
  3604 | D:5      | Entered Level 5 of the Dungeon
  3734 | D:5      | Found a radiant altar of Vehumet.
  3751 | D:5      | Reached skill level 10 in Axes
  3831 | D:5      | Reached *** piety under Trog
  4148 | D:5      | Reached XP level 8. HP: 63/63 MP: 8/8
  5028 | D:6      | Found a staircase to the Ecumenical Temple.
  5800 | D:6      | Reached XP level 9. HP: 46/70 MP: 9/9
  6099 | Temple   | Entered the Ecumenical Temple
  6241 | D:7      | Found a sparkling altar of Nemelex Xobeh.
  6487 | D:7      | Reached skill level 15 in Axes
  6608 | D:7      | Reached **** piety under Trog
  6640 | D:7      | Noticed a manticore
  6651 | D:7      | Killed a manticore
  6742 | D:7      | Noticed a brown ugly thing
  6774 | D:8      | Found a flagged portal.
  6780 | D:8      | Identified the +2 ring mail of Satisfaction {rElec Str+7
                  | Dex-2}
  6824 | D:8      | Reached XP level 10. HP: 30/77 MP: 10/10
  6960 | Bailey   | Entered a bailey
  7415 | Bailey   | Noticed an orc warlord
  7422 | Bailey   | Killed an orc warlord
  7478 | Bailey   | Reached XP level 11. HP: 82/82 MP: 11/11
  7570 | D:8      | Found an ancient bone altar of Kikubaaqudgha.
  7617 | D:8      | Found a staircase to the Lair.
  7680 | D:8      | Found a transporter.
  7731 | D:8      | Found a transporter.
  7838 | D:8      | Noticed Maurice
  7841 | D:8      | Maurice stole an amulet of faith
  7844 | D:8      | Killed Maurice
  8214 | D:8      | Found a transporter.
  8247 | D:8      | Found a transporter.
  8747 | D:9      | Found a staircase to the Orcish Mines.
  9113 | D:9      | Reached ***** piety under Trog
  9604 | D:10     | Entered Level 10 of the Dungeon
  9640 | D:10     | Found a sacrificial altar of Ru.
  9765 | D:10     | Found a transporter.
  9767 | D:10     | Found a transporter.
  9769 | D:10     | Found a transporter.
  9800 | D:10     | Reached XP level 12. HP: 89/89 MP: 12/12
  9839 | D:10     | Found a transporter.
 10197 | D:10     | Noticed a two-headed ogre
 10216 | D:10     | Killed a two-headed ogre
 10352 | D:10     | Noticed Psyche
 10356 | D:10     | Killed Psyche
 10558 | D:11     | Noticed a two-headed ogre
 10564 | D:11     | Killed a two-headed ogre
 10875 | D:11     | Noticed a centaur warrior
 10878 | D:11     | Found Ocuyrojau's Distillery.
 10888 | D:11     | Reached XP level 13. HP: 45/94 MP: 13/13
 11036 | D:11     | Bought a potion of curing for 54 gold pieces
 11036 | D:11     | Bought a potion of heal wounds for 90 gold pieces
 11036 | D:11     | Bought a potion of resistance for 180 gold pieces
 11036 | D:11     | Bought a potion of resistance for 180 gold pieces
 11036 | D:11     | Bought a potion of might for 72 gold pieces
 11036 | D:11     | Bought 2 potions of mutation for 288 gold pieces
 11139 | D:11     | Reached skill level 4 in Fighting
 11246 | D:11     | Noticed a frost giant
 11254 | D:11     | Killed a frost giant
 11255 | D:11     | Reached skill level 5 in Fighting
 11529 | D:11     | Noticed a fire giant
 11537 | D:11     | Killed a fire giant
 11538 | D:11     | Reached skill level 6 in Fighting
 11667 | Lair:1   | Entered Level 1 of the Lair of Beasts
 11836 | Lair:1   | Received a gift from Trog
 11837 | Lair:1   | Reached skill level 7 in Fighting
 12001 | Lair:1   | Reached skill level 10 in Fighting
 12001 | Lair:1   | Reached XP level 14. HP: 122/122 MP: 14/14
 12152 | Lair:1   | Reached skill level 11 in Fighting
 12773 | Lair:2   | Reached skill level 12 in Fighting
 12790 | Lair:2   | Reached XP level 15. HP: 114/133 MP: 15/15
 13463 | Lair:3   | Found a gate leading to a gauntlet.
 13520 | Gauntlet | Entered a Gauntlet
 13520 | Gauntlet | Found a transporter.
 13520 | Gauntlet | Found a transporter.
 13579 | Gauntlet | Found the +2 hood of the Assassin {Detect Stab+ Stlth++}
 13591 | Gauntlet | Found a transporter.
 13595 | Gauntlet | Found a transporter.
 13603 | Gauntlet | Found a transporter.
 13607 | Gauntlet | Found a transporter.
 13616 | Gauntlet | Found a transporter.
 13632 | Gauntlet | Found a transporter.
 13646 | Gauntlet | Found a transporter.
 13650 | Gauntlet | Found a transporter.
 13658 | Gauntlet | Found a transporter.
 13662 | Gauntlet | Found a transporter.
 13723 | Gauntlet | Reached skill level 13 in Fighting
 13902 | Gauntlet | Reached skill level 14 in Fighting
 13911 | Gauntlet | Identified the ring "Qouss" {rElec rC- rN+ Str+6 Dex+3}
 14569 | Lair:3   | Found a stormy altar of Qazlal.
 14591 | Lair:3   | Found a staircase to the Swamp.
 14850 | Lair:3   | Found a staircase to the Snake Pit.
 14863 | Lair:3   | Reached skill level 15 in Fighting
 15151 | Lair:3   | Identified the amulet "Tuuned" {Faith rElec MP+9}
 15268 | Lair:3   | You fall into a shaft and drop 1 floor!
 15474 | Lair:4   | Reached skill level 5 in Armour
 15558 | Lair:4   | Identified the ring of Surprise {+Blink rPois Will++ Str-2
                  | Slay+4}
 15699 | Lair:4   | Found a staircase to the Slime Pits.
 16048 | Swamp:1  | Entered Level 1 of the Swamp
 16123 | Lair:5   | Entered Level 5 of the Lair of Beasts
 16148 | Lair:5   | Identified the maw talisman "Jemponge" {rC+ Will+ rCorr
                  | Int-4}
 16431 | Lair:5   | Identified the +12 battleaxe of Vaeremy {flame, rN+} (Trog
                  | gifted it to you on level 5 of the Lair of Beasts)
 16431 | Lair:5   | Received a gift from Trog
 17015 | Lair:5   | Found a burning altar of Makhleb.
 17018 | Lair:5   | Reached skill level 10 in Armour
 17089 | Lair:5   | Found a gateway to Hell.
 17089 | Lair:5   | Found the ring of the Tortoise {AC+8}
 17572 | Orc:1    | Entered Level 1 of the Orcish Mines
 17823 | Orc:2    | Entered Level 2 of the Orcish Mines
 17823 | Orc:2    | Found a staircase to the Elven Halls.
 17852 | Orc:2    | Found Boewki's Antique Weapon Shoppe.
 18015 | Orc:2    | Found Inwyaquf's General Store.
 18027 | Orc:2    | Reached XP level 16. HP: 115/149 MP: 16/16
 18039 | Orc:2    | Identified the +9 battleaxe "Ral Vuoho" {flame, Dex+5}
                  | (Trog gifted it to you on level 2 of the Orcish Mines)
 18039 | Orc:2    | Received a gift from Trog
 18049 | Orc:2    | Bought a scroll of blinking for 105 gold pieces
 18049 | Orc:2    | Bought a potion of lignification for 42 gold pieces
 18049 | Orc:2    | Bought a potion of haste for 140 gold pieces
 18049 | Orc:2    | Bought a potion of lignification for 42 gold pieces
 18202 | Orc:2    | Found Zelyfro's Book Boutique.
 18324 | Orc:2    | Found a runed translucent door.
 18324 | Orc:2    | Noticed olddryhag's ghost (journeyman DsWn)
 18376 | Orc:2    | Found Izub's Antique Armour Shop.
 18841 | Orc:2    | Killed olddryhag's ghost
 19228 | Orc:1    | You fall into a shaft and drop 1 floor!
 19438 | D:12     | Found a portal to a secret trove of treasure.
 19458 | D:12     | You paid a toll of 3 potions of resistance to enter a
                  | treasure trove
 19459 | Trove    | Entered a treasure trove
 19461 | Trove    | Identified the amulet of Fayrphy {Acrobat Will+ Regen+
                  | Dex+3}
 19463 | Trove    | Identified the amulet "Raikiw" {Spirit rC+ rN+ Regen+
                  | Dex+4}
 19465 | Trove    | Identified the amulet of the Morning {+Inv Regen+ SInv}
 19467 | Trove    | Identified the +1 kite shield "Gank" {rN+ Int+5 Dex+4}
 19469 | Trove    | Identified the +0 hat of the Breathing Gods {Harm rC- MP+9}
 19492 | Trove    | Identified the ring "Gonihek" {Will+ MP+9 SInv}
 19517 | Trove    | Identified the ring of Liberalism {Will+ rCorr Str+4}
 19543 | Trove    | Identified the ring of Wachora {Fly rN+ AC+4 Int+4}
 19561 | Trove    | Identified the ring of Weutokaxt {Wiz Dex+4}
 19574 | Trove    | Identified the ring of Wid War {Fly rPois Dex+3}
 19591 | Trove    | Identified the +0 buckler "Gabbiynn" {rPois}
 20141 | D:13     | Identified the +3 battleaxe of Tatif {heavy, Dex+4} (Trog
                  | gifted it to you on level 13 of the Dungeon)
 20141 | D:13     | Received a gift from Trog
 20708 | D:13     | Noticed Snorg
 20718 | D:13     | Killed Snorg
 21463 | D:14     | Found a gate to the Vaults.
 21469 | D:14     | Reached skill level 15 in Armour
 21477 | D:14     | Reached skill level 1 in Evocations
 21564 | D:14     | Found a stormy altar of Qazlal.
 21640 | D:14     | Reached ****** piety under Trog
 21758 | D:15     | Entered Level 15 of the Dungeon
 21801 | D:15     | Reached skill level 5 in Evocations
 21922 | D:15     | Received a gift from Trog
 22630 | D:15     | Reached XP level 17. HP: 156/156 MP: 17/17
 22699 | D:15     | Reached skill level 10 in Evocations
 22774 | D:15     | Found a staircase to the Depths.
 22977 | D:15     | Found a glowing golden altar of the Shining One.
 23632 | D:7      | Found a shimmering blue altar of Sif Muna.
 24099 | Swamp:1  | Identified the ring "Kuaphedy" {rPois rC+ Int+2 Dex+6}
 24135 | Swamp:1  | Found a transporter.
 24160 | Swamp:1  | Found a transporter.
 24427 | Swamp:2  | Noticed Donald
 24433 | Swamp:2  | Killed Donald
 24523 | Swamp:2  | Found a transporter.
 24525 | Swamp:2  | Found a transporter.
 24525 | Swamp:2  | Noticed RoseCult's ghost (journeyman MiGl)
 25018 | Swamp:3  | Received a gift from Trog
 25119 | Swamp:3  | Noticed Mara
 25129 | Swamp:3  | Noticed jasper's illusion
 25130 | Swamp:3  | Killed Mara
 25287 | Swamp:3  | Reached skill level 15 in Evocations
 25583 | Swamp:4  | Entered Level 4 of the Swamp
 26216 | Swamp:4  | Paralysed by a hornet for 1 turns
 26423 | Swamp:4  | Reached skill level 5 in Dodging
 26450 | Swamp:4  | Reached XP level 18. HP: 163/163 MP: 18/18
 26468 | Swamp:4  | Received a gift from Trog
 26468 | Swamp:4  | Found the +5 woodcutter's axe
 26521 | Swamp:4  | Noticed a tentacled monstrosity
 26534 | Swamp:4  | Killed a tentacled monstrosity
 26561 | Swamp:4  | Got a decaying rune of Zot
 27314 | Snake:1  | Entered Level 1 of the Snake Pit
 27622 | Snake:1  | Received a gift from Trog
 28293 | Snake:1  | Noticed Rupert
 28301 | Snake:1  | Killed Rupert
 28529 | Snake:2  | Noticed Vashnia
 28553 | Snake:2  | Killed Vashnia
 28894 | Snake:2  | Received a gift from Trog
 28930 | Snake:2  | Noticed Mlioglotl
 28940 | Snake:2  | Noticed a bone dragon
 28942 | Snake:2  | Killed Mlioglotl
 29416 | Snake:3  | Identified the serpent talisman of Surprise {rF+ Int-4
                  | SInv}
 29416 | Snake:3  | Noticed Aizul
 29429 | Snake:3  | Killed Aizul
 29430 | Snake:3  | Reached skill level 10 in Dodging
 29516 | Snake:3  | Found Pimerpha's Overcharged Wands.
 29533 | Snake:3  | Bought a wand of digging (11) for 693 gold pieces
 29533 | Snake:3  | Bought a wand of digging (11) for 693 gold pieces
 29567 | Snake:3  | Found Qaqeq's Jewellery Shoppe.
 29569 | Snake:3  | Found Efian's Assorted Antiques.
 29572 | Snake:3  | Found Sawimu's Distillery.
 29586 | Snake:3  | Bought a scroll of fog for 132 gold pieces
 29586 | Snake:3  | Bought a scroll of vulnerability for 132 gold pieces
 29586 | Snake:3  | Bought a scroll of enchant armour for 247 gold pieces
 29586 | Snake:3  | Bought a potion of heal wounds for 165 gold pieces
 29586 | Snake:3  | Bought a potion of heal wounds for 165 gold pieces
 29586 | Snake:3  | Bought a potion of lignification for 99 gold pieces
 29588 | Snake:3  | Bought a potion of cancellation for 144 gold pieces
 29838 | Snake:3  | Found a runed translucent door.
 29840 | Snake:3  | Identified a scroll of acquirement
 29896 | Snake:3  | Acquired 1294 gold pieces
 30063 | Snake:3  | Reached skill level 16 in Fighting
 30719 | Snake:4  | Entered Level 4 of the Snake Pit
 30809 | Snake:4  | Found Myruerus's Armour Boutique.
 30809 | Snake:4  | Found Sopreime's Distillery.
 30810 | Snake:4  | Found Yro Qaes's Magic Scroll Boutique.
 30812 | Snake:4  | Found Otocet's Assorted Antiques.
 30819 | Snake:4  | Reached XP level 19. HP: 173/174 MP: 17/19
 30828 | Snake:4  | Bought a potion of heal wounds for 80 gold pieces
 30828 | Snake:4  | Bought a potion of curing for 48 gold pieces
 30828 | Snake:4  | Bought 2 potions of lignification for 96 gold pieces
 30828 | Snake:4  | Bought a potion of heal wounds for 80 gold pieces
 30828 | Snake:4  | Bought a potion of cancellation for 128 gold pieces
 30831 | Snake:4  | Bought a scroll of fog for 68 gold pieces
 30831 | Snake:4  | Bought a scroll of butterflies for 68 gold pieces
 30831 | Snake:4  | Bought a scroll of teleportation for 51 gold pieces
 30831 | Snake:4  | Bought a scroll of immolation for 68 gold pieces
 30831 | Snake:4  | Bought a scroll of fog for 68 gold pieces
 30831 | Snake:4  | Bought a scroll of immolation for 68 gold pieces
 30866 | Snake:4  | Identified the +5 executioner's axe of Agnosticism {heavy,
                  | *Noise rPois rF++ Str-5} (Trog gifted it to you on level 4
                  | of the Snake Pit)
 30866 | Snake:4  | Received a gift from Trog
 30913 | Snake:4  | Reached skill level 17 in Fighting
 31186 | Snake:4  | Noticed Asterion
 31195 | Snake:4  | Killed Asterion
 31895 | Snake:4  | Reached skill level 18 in Fighting
 32228 | Snake:4  | Got a serpentine rune of Zot
 32611 | Vaults:1 | Entered Level 1 of the Vaults
 32665 | Vaults:1 | Reached skill level 19 in Fighting
 32890 | Vaults:1 | Reached skill level 20 in Fighting
 33129 | Vaults:1 | Received a gift from Trog
 33892 | Vaults:1 | Identified the +3 robe of Sinegrei {rN+ Str-4 Int+5}
 33892 | Vaults:1 | Noticed Boris
 33904 | Vaults:1 | Killed Boris
 33968 | Vaults:1 | Reached skill level 21 in Fighting
 33968 | Vaults:1 | Reached XP level 20. HP: 192/198 MP: 18/20
 34024 | Vaults:1 | Found Gic Itel's Distillery.
 34028 | Vaults:1 | Bought a potion of resistance for 150 gold pieces
 34028 | Vaults:1 | Bought a potion of curing for 45 gold pieces
 34028 | Vaults:1 | Bought a potion of magic for 120 gold pieces
 34028 | Vaults:1 | Bought 2 potions of invisibility for 240 gold pieces
 34028 | Vaults:1 | Bought a potion of cancellation for 120 gold pieces
 34028 | Vaults:1 | Bought a potion of haste for 150 gold pieces
 34028 | Vaults:1 | Bought a potion of enlightenment for 75 gold pieces
 34385 | Vaults:2 | Received a gift from Trog
 34804 | Vaults:2 | Found a runed translucent door.
 34804 | Vaults:2 | Found a shimmering altar of Xom.
 34804 | Vaults:2 | Noticed Joextigh's ghost (veteran KoHu)
 34804 | Vaults:2 | Identified the +6 lajatang of Terrible Optimality {chaos,
                  | rF+ rCorr Int+4 Dex-4}
 34973 | Vaults:2 | Found a staircase to the Crypt.
 34973 | Vaults:2 | Found a basalt altar of Yredelemnul.
 34973 | Vaults:2 | Found an ancient bone altar of Kikubaaqudgha.
 35125 | Vaults:3 | Reached skill level 22 in Fighting
 36606 | Vaults:4 | Identified the +10 battleaxe of Watchfulness {flame, rCorr
                  | Dex+2} (Trog gifted it to you on level 4 of the Vaults)
 36606 | Vaults:4 | Received a gift from Trog
 36720 | Vaults:4 | Reached skill level 23 in Fighting
 37408 | Vaults:4 | Found Mubeneq's Antique Armour Boutique.
 37590 | Vaults:4 | Received a gift from Trog
 37754 | Vaults:4 | Reached skill level 24 in Fighting
 38608 | D:11     | Identified the +3 shortbow of the Scorching Gods {drain,
                  | ^Fragile rPois Str+5 Int+4}
 38671 | D:11     | Identified the +2 pair of gloves "Zuarr" {+Inv rElec}
 38926 | Elf:1    | Entered Level 1 of the Elven Halls
 38973 | Elf:1    | Reached XP level 21. HP: 196/215 MP: 18/21
 39063 | Elf:1    | Received a gift from Trog
 39622 | Elf:1    | Identified the +3 quarterstaff of Deesoiha {drain, rPois
                  | Int+2}
 39668 | Elf:1    | Reached skill level 25 in Fighting
 39761 | Elf:2    | Found Geubloh's Assorted Antiques.
 39774 | Elf:2    | Bought a potion of curing for 69 gold pieces
 39774 | Elf:2    | Bought a potion of resistance for 230 gold pieces
 39797 | Elf:2    | Paralysed by an air elemental for 1 turns
 40175 | Elf:2    | Found a runed translucent gate.
 40176 | Elf:2    | Found a runed translucent gate.
 40176 | Elf:2    | Found a runed translucent gate.
 40274 | Elf:2    | Received a gift from Trog
 40863 | Elf:2    | Reached skill level 26 in Fighting
 40975 | Elf:2    | Identified the blade talisman of Dishonour {Will+ rCorr
                  | Str+5}
 41672 | Elf:3    | Entered Level 3 of the Elven Halls
 41799 | Elf:3    | Found Duczayff's Distillery.
 41808 | Elf:3    | Bought 2 potions of haste for 280 gold pieces
 41808 | Elf:3    | Bought a potion of curing for 42 gold pieces
 41808 | Elf:3    | Bought a potion of lignification for 42 gold pieces
 41808 | Elf:3    | Bought a potion of attraction for 42 gold pieces
 41808 | Elf:3    | Bought a potion of might for 56 gold pieces
 41808 | Elf:3    | Bought a potion of curing for 42 gold pieces
 41808 | Elf:3    | Bought a potion of might for 56 gold pieces
 41808 | Elf:3    | Bought 2 potions of mutation for 224 gold pieces
 41822 | Elf:3    | Received a gift from Trog
 42088 | Elf:3    | Noticed Saint Roka
 42109 | Elf:3    | Killed Saint Roka
 42201 | Elf:3    | Identified the +0 pair of gloves of the Devil's Advocate
                  | {Harm *Corrode rC+}
 42235 | Elf:3    | Noticed Roxanne
 42249 | Elf:3    | Killed Roxanne
 42402 | Elf:3    | Reached skill level 27 in Fighting
 42403 | Elf:3    | Reached skill level 1 in Shapeshifting
 42424 | Elf:3    | Identified the amulet "Kougab" {Reflect Int+4 SH+5}
 42443 | Elf:3    | Identified the +4 battleaxe of Killer Bee's Foe {heavy,
                  | +Blink Dex+4} (Trog gifted it to you on level 3 of the
                  | Elven Halls)
 42443 | Elf:3    | Received a gift from Trog
 42518 | Elf:3    | Reached XP level 22. HP: 112/233 MP: 10/22
 42611 | Elf:3    | Reached skill level 5 in Shapeshifting
 42635 | Elf:3    | Identified the +6 great sword "Pasukk" {speed, Fly rPois
                  | Str-4 Dex+2}
 42721 | Elf:3    | Got the Tome of the Cwm
 42724 | Elf:3    | Got the Spellbook of the Rocks and Ensorcelling
 42742 | Elf:3    | Identified the staff of the Extremely Mad {rF+ Int-2 Dex+4
                  | Necro Earth}
 43275 | Depths:1 | Entered Level 1 of the Depths
 43337 | Depths:1 | Found a sacrificial altar of Ru.
 43663 | Depths:1 | Found a one-way gate to the infinite horrors of the Abyss.
 43957 | Depths:1 | Received a gift from Trog
 44509 | Depths:2 | Found a one-way gate leading to the halls of Pandemonium.
 44686 | Depths:2 | Reached skill level 10 in Shapeshifting
 44753 | Depths:2 | Identified the +1 orcbow "Pendulum" {speed, rElec rF- Dex+3
                  | Stlth+}
 44908 | Depths:2 | Identified the +5 morningstar "Maxe" {heavy, rC+ Dex+4}
 45295 | Depths:4 | Entered Level 4 of the Depths
 45324 | Depths:3 | Received a gift from Trog
 46005 | Depths:3 | Found a broken altar of Ashenzari.
 46196 | Depths:3 | Received a gift from Trog
 46268 | Depths:3 | Reached XP level 23. HP: 211/240 MP: 7/23
 46382 | Depths:3 | Identified the amulet "Toevua" {Harm ^Drain rElec rN+
                  | Regen+}
 46384 | Depths:3 | Identified the ring "Vywauw" {+Blink rF+ rN++ Int-5 Stlth+}
 46416 | Depths:3 | Identified the ring "Qenluxygh" {rC+ Int+6 Dex-2 Slay+3}
 46520 | Depths:3 | Identified the amulet of Kanae {Reflect Str+5 SH+5}
 46671 | Depths:3 | Found a one-way gateway to a ziggurat.
 47039 | Depths:4 | Noticed Vegox's ghost (adept MiHs)
 47040 | Depths:4 | Found the +2 shield of Resistance {rF++ rC++ Will++}
 47118 | Depths:4 | Identified the +1 hand axe "Xyiwakla" {spect, *Rage +Blink
                  | rN+++ Dex-4}
 47414 | Depths:4 | Found a gate to the Realm of Zot.
 47477 | Depths:4 | Found a runed translucent gate.
 47477 | Depths:4 | Found a runed translucent gate.
 47477 | Depths:4 | Found a runed translucent gate.
 47588 | Depths:4 | Found a shadowy altar of Dithmenos.
 48253 | Depths:4 | Received a gift from Trog
 48273 | Depths:4 | Killed Vegox's ghost
 48342 | Depths:4 | Identified the +0 pair of boots of Refuge {rPois Regen+
                  | Str+2}
 48418 | Hell     | Entered the Vestibule of Hell
 48418 | Hell     | Noticed Geryon
 48931 | Hell     | Reached skill level 15 in Shapeshifting
 48932 | Hell     | HP: 12/240 [war gargoyle/spray of metal splinters (1)]
 48934 | Hell     | Slain by a reaper

Illustrated notes

Levels and vault maps discovered:
D:1:      scummos_arrival_gate, layout_basic, serial_shops, shop,
          serial_aquarium, aquarium_bridge_square [aquarium_subvault_bridge,
          aquarium_subvault_balcony, aquarium_subvault_wall,
          aquarium_subvault_bridge], aquarium_window_2,
          aquarium_window_corridor_3, aquarium_window_fake, aquarium_view_2e,
          aquarium_view_2e, aquarium_balcony_5a, nicolae_figureground_sparkle
D:2:      layout_basic, serial_shops, nicolae_shop_advertising_works
          [nicolae_subvault_shop_adworks], uniq_robin, uniq_sigmund
D:3:      minmay_spotlight, layout_rooms
D:4:      layout_basic, fedhas_altar_1, chequers_ossuary_entry_cave
D:5:      layout_loops_ring, mainiacjoe_overflow_boulevard, serial_aquarium,
          aquarium_bridge_straight [aquarium_subvault_bridge,
          aquarium_subvault_wall, aquarium_subvault_bridge,
          aquarium_subvault_window], aquarium_window_3, aquarium_window_1,
          aquarium_view_2c
D:6:      layout_loops_ring, minmay_temple_entry_statues_pillars
D:7:      layout_basic, nemelex_spade_bored_becter,
          mainiacjoe_overflow_small_starburst, minmay_shattered_shrine
D:8:      layout_basic, kiku_gazebo_pond_becter, lair_entry_dummy,
          enter_bailey_6, reono_crystal_passage,
          nicolae_transporter_intersection, uniq_maurice
D:9:      layout_cave_pools, zombieorc1_lemuel
D:10:     layout_gridville, lemuel_crystal_altar, nicolae_diode_quadrants,
          uniq_psyche
D:11:     nzn_winding_woodlands_large [nzn_winding_woodlands_5x5_open_star,
          nzn_winding_woodlands_5x15_cabin, nzn_winding_woodlands_5x5_default,
          nzn_winding_woodlands_center_triple_pond,
          nzn_winding_woodlands_15x15_boxy_spiral,
          nzn_winding_woodlands_center_diamonds,
          nzn_winding_woodlands_5x5_cross, nzn_winding_woodlands_5x15_jagged,
          nzn_winding_woodlands_5x5_default], layout_gridville, serial_shops,
          shop, dk_vineyard_2
D:12:     layout_rooms, enter_trove_0, lemuel_flamethrower_3
D:13:     layout_grid_maze, kb_rosetta, uniq_snorg
D:14:     layout_basic, hellmonk_vaults_order_and_chaos,
          nicolae_qazlal_eye_of_the_storm, serial_undead, serial_undead_b,
          serial_undead_b, serial_undead_a, serial_undead_b, serial_undead_d,
          serial_undead_f, serial_undead_b, minmay_misc_feat_nine_boxes
D:15:     regret_index_pyroclastic, layout_basic, tso_altar,
          hangedman_corner_corridor
Temple:   regret_index_temple_sphere_string
Lair:1:   layout_cave_pods, infiniplex_staircase_pool
Lair:2:   layout_roguey, st_stairs_7, serial_bayou_shore_a, grunt_megastairs_2
Lair:3:   layout_regular_city, swamp_mist_pool,
          minmay_snake_entry_guardpost_large, basic_altar,
          gauntlet_entry_generic, serial_bayou_pond_e, eino_house_with_fridge
Lair:4:   layout_misc_corridors, minmay_slime_entry_jelly_boxes
Lair:5:   evil_forest, layout_concentric_octagons
Swamp:1:  gammafunk_worm_tunnel, layout_basic_swamp, hangedman_swamp_ruin_wall
Swamp:2:  layout_basic_swamp, gammafunk_ghost_mausoleum,
          evilmike_swamp_ruin_house_3, swamp_pool_4, uniq_donald
Swamp:3:  layout_basic_swamp, nicolae_swamp_feature_on_the_river_bank, uniq_mara
Swamp:4:  nzn_swamp_witches_coven, layout_basic_swamp, swamp_pool_1_2,
          nicolae_swamp_reclaimed_castle, hangedman_swamp_lotus
Snake:1:  layout_honeycomb, nicolae_snake_omega, uniq_rupert
Snake:2:  layout_onion, grunt_megastairs_4, uniq_mlioglotl, uniq_vashnia
Snake:3:  cheibrodos_toxic_ritual, layout_cave_pods,
          nicolae_shop_overcharged_wands, minmay_shop_star, uniq_aizul
Snake:4:  grunt_snake_rune_pools, layout_cave_town, minmay_shoptagon,
          uniq_asterion
Orc:1:    layout_caves, portal_ice_cave_entry_pillars_1, nicolae_orc_rockfall
Orc:2:    grunt_orc_gardens, layout_caves, grunt_orc_garden, grunt_orc_garden,
          grunt_orc_garden, grunt_orc_garden, hellmonk_ghost_happy_afterlife
Elf:1:    layout_gridlike, serial_corexii_hall, corexii_hall_statues_x,
          chequers_hall_statues_wall_a, minmay_elf_crystal_hexagon
Elf:2:    nicolae_elf_blades_crystal_corner, layout_onion_city, serial_shops,
          shop_statue, grunt_ministairs_11
Elf:3:    elf_hall, layout_geoelf_octagon, serial_shops,
          nicolae_shop_hallway_plus, grunt_ministairs_9, dk_noncrumbling_3,
          minivault_16, uniq_saint_roka, uniq_roxanne
Vaults:1: nicolae_vaults_trapezoid_lopsided_1, nicolae_vaults_surprise_closet,
          ontoclasm_vaults_gallery, nicolae_vaults_tetromino_T_2, v_rooms_6,
          v_misc_29, nicolae_vaults_trapezoid_lopsided_2,
          nicolae_vaults_ninety_degrees, nicolae_vaults_tetromino_L_2,
          vaults_room_fours, layout_vaults_omnigrid, serial_shops,
          nicolae_shop_back_alley_shop, uniq_boris
Vaults:2: ebering_ghost_xom, vaults_room_grid, minmay_crypt_entry_necro_gods,
          nicolae_vaults_swerve, nicolae_vaults_security_offices_4,
          nicolae_vaults_wine_cellar, v_misc_14,
          nicolae_vaults_little_squares_1, serial_library_hellmonk_open_square,
          hangedman_vaults_cutoff, v_misc_25, layout_vaults_ring
Vaults:3: nicolae_vaults_octothorpe, nicolae_vaults_octothorpe,
          nicolae_vaults_closet_pinwheel_5, v_misc_10, vaults_mumra_lcd,
          hangedman_vaults_stitches, v_misc_27, v_rooms_3, grunt_vaults_swirl,
          nicolae_vaults_trapezoid_1, nicolae_vaults_variable_pillar_hall,
          hangedman_vaults_stretched_pinwheel, nicolae_vaults_two_Ls,
          layout_vaults_big_room
Vaults:4: nicolae_vaults_yaktaur_gun_rack, nicolae_vaults_shrinking_rooms_2,
          nicolae_vaults_storage_closets_2, nicolae_vaults_storage_room_water,
          nicolae_vaults_network_quincunx
          [nicolae_vaults_network_quincunx_subvault,
          nicolae_vaults_network_quincunx_subvault,
          nicolae_vaults_network_quincunx_subvault,
          nicolae_vaults_network_quincunx_subvault,
          nicolae_vaults_network_quincunx_subvault], vaults_room_fours,
          ontoclasm_vaults_tryst, grunt_vaults_bifocal, hangedman_vaults_maws,
          nicolae_vaults_diagonal_hallway_6, nicolae_vaults_rhombus_7,
          nicolae_vaults_security_offices_1, layout_vaults_maze, serial_shops,
          shop
Depths:1: layout_roguey, nicolae_ru_awakened_eye, hell_entry,
          abyss_entry_crystal, kennysheep_small_circle
Depths:2: hellmonk_ruined_rings, layout_basic, minmay_misc_feat_secret_circle,
          pf_coc_iceberg, pan_entry, minmay_staircase_bubble
Depths:3: minmay_the_grid_triangle_9x9_line_8_mashed
          [minmay_the_grid_triangle_9x9_corruption,
          minmay_the_grid_triangle_9x9_from_above,
          minmay_the_grid_triangle_9x9_dagger,
          minmay_the_grid_triangle_9x9_intruding_spiral,
          minmay_the_grid_triangle_9x9_skeleton,
          minmay_the_grid_triangle_9x9_warning,
          minmay_the_grid_triangle_9x9_swiss_cheese,
          minmay_the_grid_triangle_9x9_prize_special], layout_gridlike,
          ziggurat_fallback, abyss_entry, grunt_hell_horde,
          ashenzari_conservatory_becter, minmay_staircase_windowed_large
Depths:4: grunt_zot_entry_hairpin, layout_gridville, grunt_hell_entry_dis_mu,
          gammafunk_ghost_icy, chequers_serial_rivers_micro_b,
          nicolae_dithmenos_shadow_blocks, serial_bayou_shore_b,
          serial_bayou_shore_b
Hell

Skill      XL: |  1  2  3  4  5  6  7  8  9 10 11 12 13 14 15 16 17 18 19 20 21 22 23 |
---------------+----------------------------------------------------------------------+-----
Axes           | 4 5 6 7 8 9 11 14 17 21 22 25 | 25.0
Fighting       | 10 12 15 16 21 24 27 | 27.0
Armour         | 11 15 | 15.0
Evocations     | 9 15 | 15.0
Dodging        | 5 10 | 10.0
Shapeshifting  | 4 12 15 | 15.0

Action                     |  1- 3 |  4- 6 |  7- 9 | 10-12 | 13-15 | 16-18 | 19-21 | 22-24 || total
---------------------------+-------+-------+-------+-------+-------+-------+-------+-------++-------
  Melee: Hand axe          |    67 |   143 |       |       |       |       |       |       ||   210
         War axe           |       |     5 |   187 |       |       |       |       |       ||   192
         Battleaxe         |       |       |   164 |    88 |       |    21 |       |       ||   273
         Executioner's axe |       |       |       |   203 |   526 |  1136 |  1031 |   766 ||  3662
         Morningstar       |       |       |       |       |    11 |       |       |       ||    11
         Unarmed           |       |       |       |       |       |       |     9 |       ||     9
  Throw: Boomerang         |       |    10 |    37 |    14 |     1 |       |       |       ||    62
         Throwing net      |       |       |       |     1 |       |     2 |       |       ||     3
 Invoke: Berserk           |     4 |     2 |     6 |     1 |     4 |     4 |     2 |     1 ||    24
         Trog's Hand       |       |     2 |     7 |     7 |     9 |    16 |    14 |    10 ||    65
         Brothers in Arms  |       |       |       |     2 |     2 |     1 |     2 |       ||     7
  Evoke: Wand              |       |       |       |     6 |     2 |       |     9 |       ||    17
         Lightning rod     |       |       |       |       |       |     6 |     7 |       ||    13
         Sack of spiders   |       |       |       |       |       |     2 |     2 |     1 ||     5
         Gell's gravitambo |       |       |       |       |       |     2 |     3 |     3 ||     8
         Phantom mirror    |       |       |       |       |       |     1 |     1 |       ||     2
         Tin of tremorston |       |       |       |       |       |       |     2 |     4 ||     6
    Use: Scroll            |     6 |    10 |     5 |     6 |     6 |    11 |     5 |     5 ||    54
         Potion            |       |       |       |     4 |     6 |     1 |     5 |     8 ||    24
   Stab: Distracted        |       |       |       |       |     1 |     1 |     1 |     3 ||     6
         Invisible         |       |       |       |       |       |       |     1 |       ||     1
         Held in net/web   |       |       |       |       |       |       |       |     1 ||     1
 Armour: Animal skin       |    52 |    30 |       |       |       |       |       |       ||    82
         Leather armour    |       |     4 |       |       |       |       |       |       ||     4
         Chain mail        |       |    77 |   151 |       |       |  1198 |   985 |   888 ||  3299
         Plate armour      |       |       |    53 |   174 |   309 |    58 |       |       ||   594
         Skin              |       |       |       |       |       |       |     6 |       ||     6
  Dodge: Dodged            |    52 |   124 |   198 |   139 |   286 |   801 |   821 |   683 ||  3104
         Form:             |       |       |       |       |       |       |       |     1 ||     1
         Statue            |       |       |       |       |       |       |       |     1 ||     1

Table legend: (Time is in decaauts)
 A = Elapsed time spent in this place.
 B = Non-inter-level travel time spent in this place.
 C = Inter-level travel time spent in this place.
 D = Time resting spent in this place.
 E = Time spent auto-exploring this place.
 F = Levels seen in this place.
 G = Mean time per level.
                   A        B        C        D        E       F      G
               +--------+--------+--------+--------+--------+-----+--------+
         Total |  48071 |  44239 |   3832 |   6147 |  27071 |  47 | 1022.8 |
       Dungeon |  16742 |  14671 |   2071 |   2342 |   9051 |  15 | 1116.1 |
        Temple |      1 |      1 |      0 |      0 |      0 |   1 |    1.0 |
          Lair |   5329 |   4824 |    505 |    439 |   3397 |   5 | 1065.8 |
         Swamp |   3288 |   3133 |    155 |    521 |   1482 |   4 |  822.0 |
     Snake Pit |   4956 |   4689 |    267 |    774 |   2774 |   4 | 1239.0 |
  Orcish Mines |   1782 |   1562 |    220 |     65 |   1217 |   2 |  891.0 |
   Elven Halls |   3566 |   3400 |    166 |    410 |   1725 |   3 | 1188.7 |
        Vaults |   5399 |   5097 |    302 |    736 |   3371 |   4 | 1349.8 |
        Depths |   5357 |   5214 |    143 |    607 |   3466 |   4 | 1339.2 |
          Hell |     87 |     87 |      0 |      0 |      0 |   1 |   87.0 |
         Trove |    137 |    137 |      0 |      0 |      0 |   1 |  137.0 |
       Ossuary |    250 |    250 |      0 |     35 |    102 |   1 |  250.0 |
        Bailey |    555 |    555 |      0 |     97 |    195 |   1 |  555.0 |
      Gauntlet |    616 |    616 |      0 |    120 |    288 |   1 |  616.0 |
               +--------+--------+--------+--------+--------+-----+--------+

Top non-repeatable levels by time:
    D:11: 1929 daAuts
Depths:3: 1773 daAuts
Depths:4: 1770 daAuts
    D:15: 1674 daAuts
   Elf:2: 1556 daAuts
 Swamp:4: 1550 daAuts
 Snake:4: 1523 daAuts
Vaults:3: 1512 daAuts
Vaults:4: 1489 daAuts
  Lair:3: 1455 daAuts
Vaults:1: 1376 daAuts
 Snake:3: 1325 daAuts
     D:9: 1317 daAuts
     D:8: 1278 daAuts
     D:6: 1274 daAuts
